 Dungeon Crawl Stone Soup version 0.27.0-1-g7a089689b8 (webtiles) character file.

Game seed: 9415067932564637566

487 UberPyro the Cutter (level 7, 0/45 HPs)
             Began as an Octopode Gladiator on Aug 6, 2021.
             Slain by a bullfrog zombie (6 damage)
             ... on level 5 of the Dungeon.
             The game lasted 00:09:06 (4843 turns).

UberPyro the Cutter (Octopode Gladiator)            Turns: 4843, Time: 00:09:06

Health: 0/45       AC:  1    Str: 16    XL:     7   Next: 13%
Magic:  7/7        EV: 17    Int: 10    God:
Gold:   169        SH:  0    Dex: 13    Spells: 6/6 levels left

rFire    . . .     SeeInvis .   a - +1 rapier
rCold    . . .     Faith    .   (no shield)
rNeg     . . .     Spirit   .   b - +0 hat
rPois    .         Reflect  .   (no amulet)
rElec    .         Harm     .   j - +4 ring of evasion
rCorr    .         Rampage  .   (no ring)
Will     .....                  (no ring)
Stlth    ++........             (no ring)
HPRegen  0.15/turn              (no ring)
MPRegen  0.10/turn              (no ring)
                                (no ring)
                                (no ring)

@: no status effects
A: almost no armour, amphibious, 8 rings, camouflage 1, gelatinous body 1,
(nimble swimmer 1), tentacles
a: no special abilities


You were on level 5 of the Dungeon.
You visited 2 branches of the dungeon, and saw 6 of its levels.

You collected 169 gold pieces.

Inventory:

Hand Weapons
 a - a +1 rapier (weapon)
 o - a +2 dagger of venom
Missiles
 c - 3 throwing nets (quivered)
Armour
 b - a +0 hat (worn)
Jewellery
 d - an amulet of faith
 j - a +4 ring of evasion (left tentacle)
Wands
 l - a wand of digging (5)
 s - a wand of charming (9)
Scrolls
 e - a scroll of teleportation
 n - 2 scrolls of fog
 p - a scroll of identify {unknown}
 r - a scroll of amnesia {unknown}
Potions
 f - a potion of curing {unknown}
 g - 2 potions of heal wounds {unknown}
 h - 2 potions of berserk rage
 i - 2 potions of ambrosia {unknown}
 k - a potion of might {unknown}
 m - a potion of lignification {unknown}
 q - a potion of brilliance {unknown}


   Skills:
 - Level 2.0 Fighting
 + Level 7.9 Short Blades
 - Level 2.0 Throwing
 - Level 3.0 Dodging


You had 6 spell levels left.
You didn't know any spells.
Your spell library contained the following spells:

 Spells                   Type           Power      Damage    Failure   Level
 Summon Guardian Golem    Hex/Summ       0%         N/A       75%         3
 Tukima's Dance           Hex            0%         N/A       75%         3
 Passage of Golubria      Tloc           N/A        N/A       98%         4
 Yara's Violent Unravell  Hex/Tmut       0%         3d3       100%        5
 Orb of Destruction       Conj           0%         N/A       100%        7
 Spellforged Servitor     Conj/Summ      0%         N/A       100%        7


Dungeon Overview and Level Annotations

Branches:
Dungeon (5/15)             Temple (1/1) D:4

Altars:
Ashenzari
Cheibriados
Dithmenos
Fedhas
Gozag
Hepliaklqana
Kikubaaqudgha
Makhleb
Ru
Trog
Vehumet
Wu Jian
Xom
Yredelemnul
The Shining One


Innate Abilities, Weirdness & Mutations

You cannot wear most types of armour.
You are amphibious.
You can wear up to eight rings at the same time.
Your skin changes colour to match your surroundings (Stealth+).
Your rubbery body absorbs attacks. (AC +1, EV +1)
((You are camouflaged near water. (Stealth+)))
You have tentacles for arms and can constrict up to eight enemies at once.


Message History

An ufetubus comes into view.
The ufetubus closely misses you. The ufetubus hits you.
You hit the ufetubus.
You kill the ufetubus!
No target in view!
No target in view!
n - 3 scrolls of fog (gained 1)
You open the door.
There is an open door here.
There is an open door here.
You open the door.
There is an open door here.
Found a stone staircase leading up.
There is a stone staircase leading up here.
A centaur comes into view.
The centaur shouts!
The centaur wields a +0 shortbow.
The centaur shoots an arrow.
The arrow hits you!
The centaur shoots an arrow.
The arrow hits you!
A bullfrog zombie comes into view.
The centaur shoots an arrow.
The arrow hits you.
* * * LOW HITPOINT WARNING * * *
A quokka comes into view.
As you read the scroll of fog, it crumbles to dust.
The scroll dissolves into smoke.
The centaur shoots an arrow.
The arrow misses you.
You completely miss the centaur. Your squeeze misses the centaur.
The centaur unwields a +0 shortbow.
The centaur barely misses you. The centaur kicks you.
* * * LOW HITPOINT WARNING * * *
You puncture the centaur!
The centaur is heavily wounded.
The centaur misses you. x2
You hit the centaur but do no damage.
The centaur is heavily wounded.
The centaur closely misses you. The centaur kicks you.
* * * LOW HITPOINT WARNING * * *
You hit the centaur but do no damage.
The centaur is heavily wounded.
The bullfrog zombie hits you.
You die...

#.............##..#
#.............##.<#
.............####.##
..#........### #..#
############ #..# #
######.#
####....#.##
###......§..?#
......§.Z@...#
...§§§§§c§...#
.....§§r§§...#
...Z.§§§§.....#
.....§§§§.....#
.r.....§.§.....#
........§......#
.....#######....
#.... ....


You could see a centaur, a bullfrog zombie and a quokka.

Vanquished Creatures
  A necrophage (D:5)
  A black bear (D:4)
  A hound (D:4)
  A bullfrog skeleton (D:5)
  Jessica (D:3)
  A scorpion zombie (D:5)
  A hound skeleton (D:4)
  Robin (D:3)
  3 gnolls (D:4)
  4 adders
  An ufetubus (D:5)
  An adder zombie (D:5)
  An adder skeleton (D:4)
  3 worms (D:2)
  5 dart slugs
  2 orcs
  4 ball pythons
  6 bats
  2 endoplasms
  2 giant cockroaches
  14 goblins
  9 hobgoblins
  6 jackals
  5 kobolds
  4 quokkas
  A frilled lizard (D:2)
  5 rats
86 creatures vanquished.

Vanquished Creatures (others)
  4 plants
4 creatures vanquished.

Grand Total: 90 creatures vanquished

Notes
Turn   | Place    | Note
-------+----------+-------------------------------------------
     0 | D:1      | UberPyro the Octopode Gladiator began the quest for the
                  | Orb.
     0 | D:1      | Reached XP level 1. HP: 14/14 MP: 1/1
    40 | D:1      | Found a faded altar of an unknown god.
    60 | D:1      | Reached XP level 2. HP: 12/19 MP: 2/2
   565 | D:1      | Reached skill level 4 in Short Blades
   872 | D:1      | Reached XP level 3. HP: 24/24 MP: 3/3
  1849 | D:2      | Reached XP level 4. HP: 29/29 MP: 4/4
  2114 | D:3      | Noticed Robin
  2116 | D:3      | Noticed Jessica
  2188 | D:2      | Reached skill level 5 in Short Blades
  2550 | D:3      | Killed Robin
  2802 | D:3      | Found a blossoming altar of Fedhas.
  2882 | D:3      | Killed Jessica
  2883 | D:3      | Reached XP level 5. HP: 29/34 MP: 5/5
  3477 | D:4      | Found a staircase to the Ecumenical Temple.
  3477 | D:4      | Noticed a black bear
  3490 | D:4      | Killed a black bear
  3491 | D:4      | Reached skill level 6 in Short Blades
  3491 | D:4      | Reached XP level 6. HP: 10/39 MP: 6/6
  3499 | Temple   | Entered the Ecumenical Temple
  3946 | D:4      | Found a bloodstained altar of Trog.
  3995 | D:4      | Reached skill level 7 in Short Blades
  4155 | D:4      | Identified the +10 broad axe of Balance {drain, rC+ Dex+4
                  | SInv}
  4499 | D:5      | Entered Level 5 of the Dungeon
  4588 | D:5      | Found a snail-covered altar of Cheibriados.
  4595 | D:5      | Noticed a necrophage
  4607 | D:5      | Killed a necrophage
  4608 | D:5      | Reached XP level 7. HP: 39/45 MP: 7/7
  4843 | D:5      | Slain by a bullfrog zombie

Illustrated notes

Levels and vault maps discovered:
D:1:      dpeg_arrival_renting, layout_basic, ebering_ecumenical_altar_petrified
D:2:      layout_basic
D:3:      layout_basic, fedhas_altar_1, uniq_robin, uniq_jessica
D:4:      layout_rooms, mainiacjoe_overflow_surrounded_room,
          minmay_temple_entry_sparse_star, minmay_misc_feat_plants
D:5:      layout_cave_pods, lemuel_tele_altar, tgw_sif,
          mainiacjoe_overflow_chevrons, mainiacjoe_overflow_24_doors,
          gammafunk_ghost_cemetery, uniq_pikel
Temple:   nicolae_temple_hex_pool

Skill      XL: |  1  2  3  4  5  6 |
---------------+-------------------+-----
Short Blades   | 4 5 6 7 |  7.9
Fighting       | |  2.0
Throwing       | |  2.0
Dodging        | |  3.0

Action                   |  1- 3 |  4- 6 |  7- 9 || total
-------------------------+-------+-------+-------++-------
Melee: Rapier            |    70 |   111 |     8 ||   189
       Constrict         |    21 |    24 |     1 ||    46
       Tentacles         |    11 |    13 |     1 ||    25
  Use: Scroll            |       |     4 |     1 ||     5
       Potion            |       |     1 |       ||     1
 Stab: Sleeping          |     4 |     9 |       ||    13
Armor: Skin              |     4 |     3 |       ||     7
Dodge: Dodged            |    49 |    69 |     7 ||   125
